 Dungeon Crawl Stone Soup version 0.14-a0-1546-g4b4961f (webtiles) character file.

376 Archteshnor the Gusty (level 6, -5/41 HPs)
             Began as a Human Air Elementalist on Dec 18, 2013.
             Slain by an ogre
             ... wielding a +0,+0 giant club
              (23 damage)
             ... on Level 4 of the Dungeon.
             The game lasted 00:22:08 (3832 turns).

Archteshnor the Gusty (Human Air Elementalist)      Turns: 3832, Time: 00:22:08

HP  -5/41        AC  2     Str  8      XL: 6   Next: 16%
MP  16/22        EV 12     Int 18      God:
Gold 160         SH  0     Dex 13      Spells:  4 memorised,  0 levels left

rFire  . . .     SeeInvis +     I - +3,+1 elf dagger (venom)
rCold  . . .     Clarity  .     a - +0 robe (curse)
rNeg   . . .     Conserve .     (no shield)
rPois  .         rCorr    .     (no helmet)
rElec  .         rRot     .     (no cloak)
SustAb . .       Spirit   .     (no gloves)
rMut   .         Warding  .     (no boots)
Saprov . . .     Stasis   .     (no amulet)
                                p - ring of magical power
                                e - ring of see invisible

@: very slightly contaminated, slightly resistant to hostile enchantments,
fairly stealthy
A: no striking features
a: no special abilities


You were on level 4 of the Dungeon.
You were not hungry.

You visited 1 branch of the dungeon, and saw 4 of its levels.

You collected 160 gold pieces.

Inventory:

Hand weapons
 j - a +0,+0 short sword
 A - a cursed +0,-2 dwarven war axe
 I - a +3,+1 elven dagger of venom (weapon)
Missiles
 l - 21 darts (quivered)
 u - 7 javelins
 y - 5 darts of flame
 E - 13 sling bullets of frost
Armour
 a - a cursed +0 robe (worn)
 n - a +0 shield
Magical devices
 B - a wand of magic darts (10)
Comestibles
 c - 2 bread rations
 o - 4 meat rations
 C - a pear
 G - 2 apples
 J - a chunk of hobgoblin flesh
Scrolls
 f - a scroll of noise {unknown}
 g - 2 scrolls of enchant weapon II {unknown}
 h - a scroll of enchant armour {unknown}
 i - a scroll of fear {unknown}
 t - a scroll of magic mapping
 w - 2 scrolls of enchant weapon I {unknown}
 z - a scroll of identify
 K - a scroll of teleportation {unknown}
Jewellery
 e - a ring of see invisible (left hand)
 p - a ring of magical power (right hand)
 q - an uncursed ring of sustenance
 v - an uncursed ring of poison resistance
 D - an uncursed ring of fire
Potions
 d - a potion of might {unknown}
 k - a potion of degeneration {unknown}
 m - 3 potions of curing {unknown}
 s - a potion of restore abilities {unknown}
 x - a potion of poison {unknown}
 F - 2 potions of agility {unknown}
 H - a potion of paralysis {unknown}
Books
 b - a book of Air

   Spells                             Type                      Level
   *Shock                             Conjuration/Air              1
   Swiftness                          Charms/Air                   2
   *Repel Missiles                    Charms/Air                   2
   Flight                             Charms/Air                   3
   *Static Discharge                  Conjuration/Air              3
   *Lightning Bolt                    Conjuration/Air              5
 r - a Grand Grimoire {highlevel}

   This book is beyond your current level of understanding.

   Spells                             Type                      Level
   Demonic Horde                      Summoning                    6
   Mass Abjuration                    Summoning                    6
   Haunt                              Necromancy/Summoning         7
   Summon Greater Demon               Summoning                    7
   Malign Gateway                     Summoning/Translocation      7
   Summon Horrible Things             Summoning                    8
 L - a book of Party Tricks

   Spells                             Type                      Level
   Summon Butterflies                 Summoning                    1
   Apportation                        Translocation                1
   Blink                              Translocation                2
   Alistair's Intoxication            Transmutation/Poison         4
   Tukima's Dance                     Hexes                        5


   Skills:
 - Level 2.0 Dodging
 - Level 2.0 Stealth
 - Level 3.2 Spellcasting
 - Level 3.6 Conjurations
 + Level 1.5 Charms
 - Level 4.0 Air Magic


You couldn't memorise any spells.
You knew the following spells:

 Your Spells              Type           Power        Failure   Level  Hunger
a - Shock                 Conj/Air       ###.         3%          1    None
b - Static Discharge      Conj/Air       ###.....     12%         3    ###....
c - Repel Missiles        Chrm/Air       ##........   10%         2    ##.....
d - Lightning Bolt        Conj/Air       ###.......   87%         5    #####..


Dungeon Overview and Level Annotations

Branches:
Dungeon (4/16)
 Temple: D:4-7

Altars:
Fedhas
Nemelex Xobeh


Message History

Aiming: Shock
Press: ? - help, Shift-Dir - straight line, f - ogre
Aim: an ogre, wielding a giant club The zap hits the ogre.
The ogre is moderately wounded.
Casting: Shock
Confirm with . or Enter, or press ? or * to list all spells.
You miscast Static Discharge.
You are very lightly contaminated with residual magic.
Your skin tingles.
The ogre hits you with a giant club!
Ouch! That really hurt!
Casting: Static Discharge
Confirm with . or Enter, or press ? or * to list all spells.
The ogre is struck by lightning.
The ogre is heavily wounded.
The lightning grounds out.
The ogre barely misses you.
There is a stone staircase leading up here.
The ogre hits you with a giant club!
Ouch! That really hurt!
You die...

#.#### #...
#########....#
#...
...........###
##.. #########.##
### #.# #.#
####'### #.....)#
###.O@...#
###.'......#
#...#......#
.......###......#
....# #......#
... #####.## #
#.# #.# ..


You could see an ogre.

Vanquished Creatures
  An orc wizard (D:3)
  Ijyb (D:3)
  Jessica (D:2)
  3 gnolls (D:2)
  4 adders
  3 worms
  A giant gecko (D:3)
  2 oozes (D:1)
  2 orcs (D:3)
  8 bats
  5 giant cockroaches
  7 hobgoblins
  4 jackals (D:2)
  A ball python (D:1)
  2 giant newts
  8 goblins
  8 kobolds
  4 quokkas
  9 rats
74 creatures vanquished.

Notes
Turn   | Place    | Note
--------------------------------------------------------------
     0 | D:1      | Archteshnor, the Human Air Elementalist, began the quest for the Orb.
     0 | D:1      | Reached XP level 1. HP: 13/13 MP: 3/3
   225 | D:1      | Reached XP level 2. HP: 16/19 MP: 0/4
   949 | D:2      | Reached XP level 3. HP: 24/24 MP: 6/6
  1124 | D:2      | Learned a level 3 spell: Static Discharge
  1613 | D:2      | Reached XP level 4. HP: 23/30 MP: 8/8
  1748 | D:2      | Noticed Jessica
  1753 | D:2      | Killed Jessica
  2345 | D:2      | Reached XP level 5. HP: 35/35 MP: 10/10
  2800 | D:3      | Learned a level 2 spell: Repel Missiles
  3056 | D:3      | Noticed Ijyb
  3215 | D:3      | Reached skill level 4 in Air Magic
  3246 | D:3      | Killed Ijyb
  3246 | D:3      | Reached skill level 1 in Charms
  3246 | D:3      | Reached XP level 6. HP: 41/41 MP: 12/13
  3496 | D:3      | Found a sparkling altar of Nemelex Xobeh.
  3496 | D:3      | Found a blossoming altar of Fedhas.
  3825 | D:4      | Learned a level 5 spell: Lightning Bolt
  3832 | D:4      | Slain by an ogre

Action                   |  1- 3 |  4- 6 || total
-------------------------+-------+-------++-------
Melee: Unarmed           |     6 |       ||     6
       Short sword       |    13 |    19 ||    32
       Dagger            |       |     8 ||     8
Throw: Dart              |     4 |       ||     4
 Cast: Shock             |    58 |   120 ||   178
       Static Discharge  |     1 |     5 ||     6
Evoke: Wand              |       |     1 ||     1
  Use: Scroll            |     7 |     1 ||     8
 Stab: Sleeping          |       |     1 ||     1
